 Dungeon Crawl Stone Soup version 0.29.1-15-g9cfb28693d (webtiles) character file.

Game seed: 6791035059641527321

3650 croobank the Covert (level 10, -3/68 HPs)
             Began as an Octopode Delver on Apr 21, 2023.
             Was a High Priest of Dithmenos.
             Slain by a sky beast (4 damage)
             ... on level 6 of the Dungeon.
             The game lasted 00:26:52 (8586 turns).

croobank the Covert (Octopode Delver)               Turns: 8586, Time: 00:26:53

Health: -3/68      AC:  1    Str: 11    XL:     10   Next: 12%
Magic:  14/14      EV: 16    Int: 14    God:    Dithmenos [*****.]
Gold:   852        SH:  0    Dex: 17    Spells: 9/9 levels left

rFire   . . .      SeeInvis .   a - +5 dagger "Newt's Curse" {freeze, Fly}
rCold   . . .      Faith    .   (no shield)
rNeg    . . .      Spirit   .   (helmet restricted)
rPois   .          Reflect  .   (no amulet)
rElec   .          Harm     .   m - ring of flight
rCorr   .          Rampage  .   (no ring)
Will    .....                   (no ring)
Stlth   ++++++++++              (no ring)
HPRegen 0.21/turn               (no ring)
MPRegen 0.14/turn               (no ring)
                                (no ring)
                                (no ring)

@: flying, wreathed by umbra
A: almost no armour, amphibious, 8 rings, camouflage 1, gelatinous body 1,
(nimble swimmer 1), tentacles
a: Renounce Religion, Shadow Step, Shadow Form


You were on level 6 of the Dungeon.
You worshipped Dithmenos.
Dithmenos was extremely pleased with you.
You visited 1 branch of the dungeon, and saw 7 of its levels.
You also visited: Bailey.

You collected 872 gold pieces.
You spent 20 gold pieces at shops.

Inventory:

Hand Weapons
 a - the +5 dagger "Newt's Curse" (weapon) {freeze, Fly}
   (You found it on level 3 of the Dungeon)

   It freezes those it strikes, dealing additional cold damage.
   It can also slow down cold-blooded creatures.
   Fly:       It grants you flight.
 d - a +0 morningstar
 g - a +0 rapier of draining
 u - a +0 glaive
 v - a +0 hand axe
 w - a +0 shortbow
Jewellery
 m - a ring of flight (left tentacle)
 B - a +4 ring of evasion
Wands
 f - a wand of digging (3)
Scrolls
 b - 3 scrolls of fog
 c - 2 scrolls of magic mapping
 i - a scroll of amnesia
 p - a scroll of blinking {unknown}
 q - 3 scrolls of immolation
 t - a scroll of brand weapon {unknown}
 x - a scroll of enchant weapon {unknown}
 y - a scroll of torment {unknown}
 A - a scroll of teleportation
Potions
 h - a potion of cancellation
 j - 5 potions of flight
 l - 3 potions of lignification {unknown}
 n - 3 potions of heal wounds {unknown}
 o - a potion of invisibility {unknown}
 r - 2 potions of brilliance {unknown}
 s - 2 potions of curing {unknown}
 z - 3 potions of attraction {unknown}
Miscellaneous
 e - a phial of floods (inert)


   Skills:
 + Level 6.1 Fighting
 * Level 6.8 Short Blades
 - Level 3.0 Axes
 + Level 5.6 Dodging
 * Level 12.3 Stealth
 * Level 6.4 Invocations


You had 9 spell levels left.
You didn't know any spells.
Your spell library contained the following spells:

 Spells                   Type           Power      Damage    Failure   Level
 Shock                    Conj/Air       0%         1d3       28%         1
 Swiftness                Air            0%         N/A       65%         3
 Airstrike                Air            0%         2d(0-16)  96%         4
 Anguish                  Hex/Necr       0%         N/A       96%         4
 Enfeeble                 Hex            0%         N/A       100%        7
 Borgnjor's Revivificati  Necr           0%         N/A       100%        8
 Necromutation            Tmut/Necr      0%         N/A       100%        8
 Death's Door             Necr           0%         N/A       100%        9


Dungeon Overview and Level Annotations

Branches:
Dungeon (7/15)             Temple (0/1) D:4          Bailey (visited)

Altars:
Dithmenos
Makhleb
Ru
Zin

Shops:
D:4 *


Innate Abilities, Weirdness & Mutations

You cannot wear most types of armour.
You are amphibious.
You can wear up to eight rings at the same time.
Your skin changes colour to match your surroundings (Stealth+).
Your rubbery body absorbs attacks. (AC +1, EV +1)
((You are camouflaged when in or above water. (Stealth+)))
You have tentacles for arms and can constrict up to eight enemies at once.


Message History

You hit the black bear. You freeze the black bear. You squeeze the black bear.
The black bear is almost dead.
You constrict the black bear.
You kill the black bear!
Dithmenos accepts your kill. Something hits you. Something shocks you.
Something hits you.
You hit the orc. You freeze the orc.
You kill the orc!
Dithmenos accepts your kill.
You hear a splash.
Something hits you but does no damage.
No target in view!
No target in view!
You closely miss something. Your squeeze misses something.
Something completely misses you. Something barely misses you.
You hit something. You freeze something. Something hits you.
You miss something. Your shadow misses something. Something hits you.
Something shocks you.
You miss something. Your squeeze misses something.
Something completely misses you. Something hits you. Something shocks you.
You hit something but do no damage. Something hits you.
* * * LOW HITPOINT WARNING * * *
You miss something. Something hits you.
* * * LOW HITPOINT WARNING * * *
Something shocks you.
* * * LOW HITPOINT WARNING * * *
Okay, then.
Okay, then.
Okay, then.
Okay, then.
Okay, then.
Aim the phial where?
Press: ? - help, Shift-Dir - straight line The torrent of water hits something!
The wave splashes down.
Something hits you.
* * * LOW HITPOINT WARNING * * *
Something shocks you.
* * * LOW HITPOINT WARNING * * *
It was a potion of magic.
Magic courses through your body. Something hits you.
You die...

...# ####≈≈## ####
#...≈≈~# ######.#.≈≈.#
##########........~≈.##
........)..####...~~.~#
.###.#####.####...~≈.~#
.###.#####.#...~..~~..#
.#......##.#.##~~~.~~~#
.#.#...........)@{~≈..#
...........#.##{!)≈~..#
##.##...#.........≈~..#
#.##.............~~~~#
#.##..#..#'#.....~~~~#
#.##..#..# #...~.~~~~#
##.##.#...###..#~.≈≈~.#
.....###......###.≈≈..#
##..## #.... #.#


There were no monsters in sight!

Vanquished Creatures
  Joseph (D:7)
  A hornet (D:7)
  Prince Ribbit (D:7)
  A steam dragon (D:7)
  An acid dragon (D:6)
  A water moccasin (D:6)
  7 orc warriors (Bailey)
  Duvessa (D:4)
  3 black bears
  2 centaurs
  3 kobold brigands
  3 bullfrogs
  3 scorpions
  Dowan (D:4)
  5 hounds
  A jelly (D:5)
  An orc priest (D:3)
  4 iguanas
  9 orc wizards
  5 gnolls (Bailey)
  7 adders
  A white imp (D:7)
  An ufetubus (D:7)
  3 worms
  2 dart slugs
  22 orcs
  5 bats
  7 endoplasms
  3 giant cockroaches
  16 goblins
  4 hobgoblins
  4 jackals (D:2)
  5 quokkas
  7 ball pythons
  30 kobolds
  5 rats
176 creatures vanquished.

Notes
Turn   | Place    | Note
-------+----------+-------------------------------------------
     0 | D:5      | croobank the Octopode Delver began the quest for the Orb.
     0 | D:5      | Reached XP level 1. HP: 16/16 MP: 1/1
    43 | D:6      | Noticed an orc wizard
   103 | D:6      | Noticed an orc wizard
   133 | D:4      | Found Niasuppoxon's General Store.
   142 | D:4      | Bought a scroll of identify for 20 gold pieces
   159 | D:4      | Reached XP level 2. HP: 7/21 MP: 2/2
   281 | D:4      | Noticed a black bear
   434 | D:3      | Noticed a black bear
   984 | D:1      | Reached XP level 3. HP: 26/26 MP: 3/3
   997 | D:1      | Found a faded altar of an unknown god.
  1008 | D:1      | Prayed at the altar of an unknown god.
  1008 | D:1      | Became a worshipper of Dithmenos the Shadowed
  1008 | D:1      | Reached * piety under Dithmenos
  1468 | D:1      | Reached skill level 7 in Stealth
  2444 | D:3      | Reached XP level 4. HP: 31/31 MP: 4/4
  2456 | D:3      | Noticed a scorpion
  2462 | D:3      | Reached ** piety under Dithmenos
  2465 | D:3      | Killed a scorpion
  2466 | D:3      | Reached XP level 5. HP: 19/37 MP: 5/5
  2844 | D:3      | Identified the +5 dagger "Newt's Curse" {freeze, Fly}
  3024 | D:3      | Killed a black bear
  3025 | D:3      | Reached skill level 1 in Short Blades
  3025 | D:3      | Reached skill level 8 in Stealth
  3306 | D:3      | Reached XP level 6. HP: 40/43 MP: 6/6
  3838 | D:4      | Found a glowing silver altar of Zin.
  3842 | D:4      | Noticed Dowan
  3843 | D:4      | Noticed Duvessa
  4383 | D:4      | Killed Dowan
  4508 | D:4      | Killed Duvessa
  4509 | D:4      | Reached XP level 7. HP: 12/49 MP: 7/7
  4511 | D:4      | Reached skill level 9 in Stealth
  4860 | D:4      | Found a staircase to the Ecumenical Temple.
  5100 | D:5      | Reached *** piety under Dithmenos
  5156 | D:5      | Reached skill level 1 in Invocations
  5499 | D:5      | Reached XP level 8. HP: 54/54 MP: 9/9
  5721 | D:6      | Reached skill level 10 in Stealth
  5897 | D:7      | Noticed Prince Ribbit
  5916 | D:7      | Killed Prince Ribbit
  5917 | D:7      | Reached skill level 5 in Fighting
  5943 | D:7      | Noticed Joseph
  5945 | D:7      | Found a flagged portal.
  5955 | Bailey   | Entered a bailey
  6746 | Bailey   | Reached skill level 5 in Short Blades
  6746 | Bailey   | Reached XP level 9. HP: 61/61 MP: 12/12
  6773 | Bailey   | Reached skill level 11 in Stealth
  7674 | D:7      | Killed Joseph
  7675 | D:7      | Reached skill level 5 in Dodging
  7675 | D:7      | Reached skill level 5 in Invocations
  7694 | D:7      | Noticed a hornet
  7703 | D:7      | Killed a hornet
  7751 | D:7      | Reached **** piety under Dithmenos
  7831 | D:7      | Noticed a troll
  7879 | D:6      | Reached skill level 12 in Stealth
  8343 | D:6      | Reached XP level 10. HP: 68/68 MP: 14/14
  8369 | D:6      | Found a burning altar of Makhleb.
  8369 | D:6      | Found a sacrificial altar of Ru.
  8450 | D:6      | Reached ***** piety under Dithmenos
  8585 | D:6      | HP: 1/68 [something (5)]
  8586 | D:6      | Slain by a sky beast

Illustrated notes

Levels and vault maps discovered:
D:1:      roderic_crossed_star, layout_basic,
          hellmonk_ecumenical_altar_inner_sanctum
D:2:      layout_loops_cross, serial_glass, glass_columns_a, glass_columns_a,
          minmay_strange_pillars, feat_on_display, item_on_display_a,
          st_stairs_1
D:3:      kennysheep_the_goblin_king, layout_basic
D:4:      layout_cave_pools, lemuel_crystal_altar, minmay_temple_entry_ruins,
          serial_shops, nicolae_shop_crystal, uniq_duvessa
D:5:      layout_basic, nicolae_elevator_lobby_plus
D:6:      layout_loops_cross, gammafunk_temple_overflow_statue,
          kennysheep_mini_moat, chequers_serial_rivers_small_3
D:7:      layout_gridville, enter_bailey_5, uniq_joseph, uniq_prince_ribbit1

Skill      XL: |  1  2  3  4  5  6  7  8  9 |
---------------+----------------------------+-----
Stealth        | 7 8 9 10 12 | 12.3
Axes           | 3 |  3.0
Short Blades   | 1 2 3 5 6 |  6.8
Dodging        | 3 4 5 |  5.6
Fighting       | 4 5 6 |  6.1
Invocations    | 2 4 6 |  6.4

Action                   |  1- 3 |  4- 6 |  7- 9 | 10-12 || total
-------------------------+-------+-------+-------+-------++-------
Melee: Hand axe          |    56 |    20 |       |       ||    76
       Constrict         |    14 |    11 |    20 |     3 ||    48
       Tentacles         |    12 |    11 |    26 |     3 ||    52
       Dagger            |       |    55 |   107 |    25 ||   187
       Punch             |       |       |     2 |       ||     2
 Fire: Shortbow          |       |       |   130 |       ||   130
Throw: Boomerang         |       |       |   292 |       ||   292
Evoke: Phial of floods   |       |       |       |     1 ||     1
  Use: Scroll            |     7 |     3 |     3 |       ||    13
       Potion            |       |     1 |     4 |     1 ||     6
 Stab: Sleeping          |    17 |     6 |    28 |     8 ||    59
Armor: Skin              |     5 |     1 |     2 |     2 ||    10
Dodge: Dodged            |    27 |    50 |    93 |    12 ||   182
